Map: Dusk Towers

Players

capac - Winner!

  • Race: Terran Terran
  • League: Gold

A.I. 1 (Elite)

  • Race: Terran Terran

VOD

Have the link to the VOD?

Description

Time

  • Played on: April 25, 2016, 3:23 p.m.
  • Length: 36:50
Show
View Real Time Build Order
Export as new Build Order

capac Terran - Winner!

Build Orders: Reaper Expand, Bio Tank 

Get SALT Encoding   

  12  0:00  SCV  
  13  0:13  SCV  
  14  0:22  Supply Depot  
  14  0:25  SCV  
  15  0:43  SCV  
  15  0:45  Barracks  
  15  0:47  Refinery  
  16  0:55  SCV  
  17  1:14  SCV  
  18  1:26  SCV  
  19  1:33  Reaper  
  19  1:38  Orbital Command  
  20  1:42  Command Center  
  20  2:03  Supply Depot  
  20  2:05  Marine  
  20  2:08  SCV  
  22  2:13  Factory  
  22  2:23  Barracks Tech Lab  
  22  2:30  Barracks  
  22  2:32  Refinery  
  22  2:35  Engineering Bay  
  22  2:42  Marine  
  23  2:44  SCV  
  24  2:55  Orbital Command  
  24  2:57  SCV  
  25  3:02  Starport  
  25  3:15  SCV  
  26  3:22  Siege Tank  
  26  3:24  SCV  
  30  3:27  SCV  
  31  3:34  Barracks Reactor  
  31  3:38  SCV  
  31  3:39  SCV  
  33  3:44  Barracks  
  33  3:50  SCV, Medivac  
  33  3:51  SCV  
  33  3:55  Refinery  
  37  4:02  SCV  
  37  4:14  Marine x2  
  37  4:20  SCV x2  
  37  4:27  Siege Tank  
  37  4:28  Barracks Tech Lab  
  40  4:32  Marine x2, SCV x2  
  44  4:42  Barracks Reactor  
  44  4:43  Starport Reactor  
  44  4:44  SCV  
  44  4:45  SCV  
  46  4:51  Command Center  
  46  4:57  Supply Depot  
  46  5:07  Refinery  
  46  5:11  Supply Depot  
  46  5:19  Marine x3, Siege Tank, SCV x2, Stimpack  
  54  5:26  Supply Depot  
  54  5:31  Marine x2, SCV x2  
  58  5:35  Supply Depot  
  58  5:38  Marine x2  
  58  5:39  Marine  
  61  5:43  SCV x2  
  61  5:49  Medivac  
  65  5:52  Siege Tank  
  65  5:55  SCV x2  
  70  6:08  SCV x2  
  72  6:14  Supply Depot  
  72  6:15  Marine  
  72  6:16  Marine x4  
  72  6:18  Barracks  
  77  6:30  SCV  
  77  6:31  SCV  
  79  6:35  Siege Tank  
  79  6:37  Medivac x2  
  86  6:43  SCV  
  86  6:45  Sensor Tower  
  87  6:49  Supply Depot  
  87  6:57  Orbital Command  
  87  7:09  Barracks Reactor  
  87  7:11  Supply Depot  
  87  7:14  Marine x4  
  87  7:15  Marine  
  92  7:27  SCV x2  
  94  7:30  Refinery x2, Siege Tank  
  94  7:31  Medivac x2  
  94  7:33  SCV  
  94  7:37  Supply Depot  
  102  7:39  SCV  
  102  7:40  Combat Shields  
  102  7:41  Marine  
  104  7:45  Terran Infantry Weapons Level 1  
  104  7:49  Armory, SCV x2  
  106  7:51  SCV  
  106  7:52  Engineering Bay  
  106  7:55  Marine  
  106  7:56  Marine x4  
  106  7:57  Marine  
  113  8:01  SCV  
  113  8:02  Siege Tank  
  117  8:15  Marine x6, Sensor Tower  
  117  8:16  SCV x2  
  125  8:20  Viking x2  
  125  8:23  Terran Infantry Armor Level 1  
  125  8:25  Supply Depot  
  129  8:29  Supply Depot  
  129  8:30  SCV x2  
  131  8:38  SCV  
  132  8:42  SCV  
  132  8:46  Marine x6, SCV  
  140  8:51  Supply Depot, SCV  
  140  8:54  SCV  
  142  8:56  Supply Depot  
  142  8:59  Missile Turret, SCV  
  143  9:03  SCV  
  143  9:06  Factory, SCV  
  143  9:08  Viking x2  
  149  9:13  Starport, SCV  
  149  9:14  Supply Depot  
  149  9:15  SCV  
  151  9:18  Marine x3  
  151  9:19  Marine x4  
  149  9:36  Marine  
  150  9:39  Marine x2  
  150  9:40  Marine x4  
  150  9:42  Terran Infantry Weapons Level 2  
  150  9:43  Terran Ship Weapons Level 1  
  156  9:46  Supply Depot  
  156  9:48  Siege Tank  
  159  9:52  Command Center  
  159  10:00  Marine x6  
  159  10:03  Factory Tech Lab  
  165  10:07  Starport  
  165  10:10  Starport Tech Lab  
  165  10:13  Starport Reactor  
  165  10:18  Supply Depot x2, SCV x3  
  165  10:20  Siege Tank  
  171  10:26  Command Center  
  171  10:32  SCV x3  
  174  10:48  Starport Tech Lab  
  174  10:50  Fusion Core  
  174  10:53  Viking x4  
  182  11:16  Viking  
  184  11:20  Siege Tank  
  184  11:22  Viking  
  184  11:23  Viking  
  191  11:35  Siege Tank  
  191  11:39  Terran Infantry Armor Level 2  
  194  11:40  Terran Ship Weapons Level 2  
  120  12:22  Sensor Tower  
  120  12:23  Medivac  
  120  12:24  Medivac x3  
  128  12:30  Planetary Fortress  
  128  12:34  Marine x5, Liberator  
  128  12:35  Marine x2  
  128  12:36  Liberator x2  
  135  12:46  Barracks x2  
  135  12:50  Advanced Ballistics  
  135  12:53  Barracks  
  144  13:02  Barracks  
  144  13:03  Planetary Fortress  
  144  13:05  Barracks  
  144  13:08  Terran Infantry Weapons Level 3  
  144  13:10  Siege Tank x2, Missile Turret  
  150  13:22  Liberator x2  
  150  13:23  Liberator x3  
  150  13:29  Marine x5  
  150  13:30  Marine x2  
  150  13:33  Missile Turret  
  170  13:58  Refinery  
  170  14:00  Refinery  
  170  14:13  Barracks Reactor x2  
  170  14:15  Barracks Reactor x2  
  173  14:24  Siege Tank x2  
  176  14:34  Factory  
  176  14:36  Factory  
  174  14:45  Missile Turret  
  174  14:53  Medivac  
  174  14:54  Medivac x3  
  174  14:56  Siege Tank  
  167  15:20  Marine x3  
  167  15:21  Marine x7  
  161  15:24  Liberator x4  
  161  15:25  Liberator  
  142  15:32  Marine  
  143  15:52  Marine  
  143  15:53  Marine x7  
  143  15:54  Marine x7  
  158  16:06  Factory Tech Lab x2  
  158  16:10  Marine x2  
  158  16:11  Marine x7  
  162  16:12  Marine x6  
  162  16:13  Barracks Reactor  
  173  16:24  Medivac  
  175  16:41  Medivac x2  
  177  17:03  Refinery  
  177  17:04  Refinery  
  177  17:20  Sensor Tower  
  103  18:35  Liberator  
  103  18:42  Marine x6  
  103  18:43  Marine x7  
  103  18:44  Marine x4  
  103  18:48  Siege Tank x4  
  132  18:50  Medivac x3  
  132  18:51  Medivac  
  143  18:58  Command Center  
  143  18:59  Marine  
  143  19:00  Marine x6, Command Center  
  143  19:01  Marine x7  
  143  19:02  Marine x3  
  156  19:12  Orbital Command  
  144  19:17  Marine x2  
  144  19:18  Marine x7  
  144  19:19  Marine x7  
  144  19:20  Marine, Siege Tank  
  144  19:35  Marine x3  
  144  19:36  Marine x5  
  152  19:38  Liberator x3  
  152  19:39  Liberator x2  
  152  20:26  Liberator x2  
  152  20:27  Liberator x2  
  152  20:38  Marine x4  
  152  20:39  Marine x13  
  152  20:42  Siege Tank x4  
  193  20:56  Marine x5  
  198  20:57  Marine  
  199  21:47  Marine  
  186  22:21  Marine  
  186  22:22  Marine x16  
  166  22:45  Marine x5  
  166  22:46  Marine x5  
  174  23:26  Marine x4  
  174  23:27  Marine x6  
  184  23:34  Liberator x2  
  184  23:35  Liberator x3  
  182  24:09  Marine x2  
  163  24:10  Marine x8  
  153  25:04  Marine x5  
  153  25:05  Marine x2  
  157  25:17  Refinery  
  131  26:17  Siege Tank x4  
  143  26:49  Siege Tank x3  
  148  27:20  Command Center  
  148  27:44  Missile Turret  
  148  27:47  Missile Turret  
  148  27:48  Marine x3  
  148  27:49  Marine x6  
  151  28:22  Marine  
  151  28:23  Marine x7  
  151  28:24  Marine x7  
  151  28:25  Marine x2  
  168  28:40  Marine x3  
  168  29:22  Medivac x3  
  168  29:23  Medivac x2  
  178  29:52  Medivac  
  159  31:30  Liberator x3  
  159  31:31  Liberator x2  
  156  31:59  Marine  
  156  32:00  Marine x5  
  156  32:01  Marine x6  
  163  32:28  Marine x2  
  163  32:29  Marine x6  
  160  33:04  Marine  
  160  33:05  Marine x5  
  163  33:25  Marine  
  163  33:26  Marine x6  
  163  33:27  Marine x2  
  166  33:28  Siege Tank x3  
  174  33:56  Marine x3  
  170  35:19  Marine x5  
  170  35:20  Marine x6  
  179  36:20  Refinery  
  179  36:21  Refinery  
Show
View Real Time Build Order
Export as new Build Order

A.I. 1 (Elite) Terran 

Build Orders: Bio Tank 

Get SALT Encoding   

  12  0:00  SCV  
  13  0:13  SCV  
  14  0:19  Supply Depot  
  14  0:25  SCV  
  15  0:41  SCV  
  15  0:42  Barracks  
  16  0:45  Refinery  
  16  0:53  SCV  
  17  1:01  Barracks  
  17  1:05  SCV  
  18  1:17  SCV  
  19  1:30  Marine  
  19  1:31  Orbital Command  
  20  1:40  Barracks  
  20  1:48  Marine x2  
  22  1:56  Supply Depot  
  22  1:58  SCV  
  23  2:06  Barracks Tech Lab x2  
  23  2:17  SCV  
  24  2:23  Marine  
  24  2:25  Marine, Stimpack  
  24  2:26  Marine  
  24  2:27  Concussive Shells  
  27  2:36  Supply Depot  
  27  2:41  Marine  
  27  2:43  Marine  
  30  2:44  Marine, SCV  
  31  3:00  Marauder  
  31  3:01  Marauder  
  31  3:02  Marine  
  31  3:04  Supply Depot  
  36  3:17  SCV  
  37  3:20  Marine x2  
  37  3:23  Combat Shields  
  37  3:25  Marine  
  37  3:26  Supply Depot  
  40  3:37  Marine  
  40  3:39  Marauder  
  43  3:42  Refinery  
  43  3:44  Marauder  
  45  4:01  Marauder  
  47  4:04  SCV  
  47  4:05  Marauder  
  47  4:08  Supply Depot  
  48  4:16  SCV  
  42  4:26  Marine, Command Center  
  42  4:30  Marine  
  44  4:32  Marine  
  45  4:44  Marine  
  46  4:48  Marauder  
  46  4:50  Marine  
  49  5:02  Factory, Marine  
  50  5:08  Marine  
  50  5:09  Engineering Bay  
  50  5:10  Marauder  
  53  5:30  Engineering Bay  
  53  5:32  Barracks Reactor  
  53  5:33  Marine  
  53  5:34  Terran Infantry Weapons Level 1  
  54  5:37  Marine  
  54  5:40  SCV  
  56  5:44  SCV  
  57  5:52  SCV  
  57  5:56  Terran Infantry Armor Level 1, SCV  
  59  6:04  SCV  
  59  6:08  SCV  
  61  6:16  SCV  
  61  6:17  Marauder, Factory Tech Lab  
  64  6:20  Marauder, SCV  
  67  6:26  Supply Depot  
  67  6:28  SCV  
  68  6:35  Command Center  
  68  6:41  Siege Tank  
  68  6:42  SCV  
  68  6:44  SCV  
  73  6:55  SCV  
  73  6:57  Supply Depot, SCV  
  75  7:07  SCV  
  76  7:09  SCV  
  76  7:12  Missile Turret  
  76  7:13  Siege Tank  
  80  7:19  SCV  
  81  7:23  Supply Depot, Orbital Command  
  81  7:26  Missile Turret  
  81  7:32  Barracks  
  81  7:35  Starport  
  81  7:44  Marine  
  81  7:46  Marine, Siege Tank  
  81  7:48  SCV  
  81  7:49  SCV  
  88  7:52  SCV  
  89  8:00  SCV  
  89  8:03  SCV  
  89  8:05  SCV  
  92  8:11  Medivac  
  92  8:12  SCV  
  95  8:15  SCV  
  95  8:17  Refinery, SCV  
  95  8:18  Refinery, Siege Tank  
  100  8:24  SCV  
  101  8:27  SCV  
  101  8:29  SCV  
  103  8:35  Missile Turret  
  103  8:36  SCV  
  103  8:38  Armory  
  104  8:41  SCV  
  104  8:42  Supply Depot, Starport Reactor, Orbital Command  
  105  8:48  SCV  
  105  8:49  Missile Turret  
  105  8:53  SCV  
  107  8:59  Marauder  
  107  9:00  SCV  
  107  9:01  Marauder  
  112  9:06  SCV  
  112  9:07  Supply Depot  
  113  9:12  SCV  
  113  9:13  Siege Tank, SCV  
  118  9:18  SCV  
  118  9:19  Medivac  
  118  9:22  Marine x3  
  109  9:24  Marine x2, SCV  
  109  9:27  Terran Infantry Weapons Level 2  
  85  9:35  Refinery  
  80  9:40  Marauder, Marine x2  
  80  9:42  Marine x2  
  80  9:45  Siege Tank  
  89  9:47  Refinery  
  89  9:57  Marine  
  89  9:58  Marine, SCV x2  
  93  10:00  Marine x2  
  93  10:02  Marauder  
  97  10:10  SCV x2  
  97  10:11  Viking, SCV  
  102  10:15  Marine  
  102  10:16  Viking, Marine  
  102  10:17  Siege Tank  
  102  10:18  Marine x2  
  111  10:23  Marauder  
  111  10:26  Supply Depot  
  111  10:27  Command Center  
  113  10:34  Marauder, Marine  
  116  10:35  Marine  
  116  10:36  Marine  
  116  10:41  Viking  
  120  10:45  Marauder  
  120  10:46  Viking  
  120  10:49  Siege Tank  
  127  10:52  Supply Depot  
  127  10:55  Marauder  
  129  10:57  Factory  
  125  11:11  Viking  
  125  11:16  Viking  
  129  11:19  Supply Depot  
  129  11:21  Hellion  
  130  11:29  Liberator  
  129  11:41  Viking, Command Center  
  129  11:42  Supply Depot  
  129  11:43  Hellion  
  129  11:44  Hellion  
  127  11:54  Liberator  
  127  11:59  Marine  
  127  12:01  Terran Vehicle Weapons Level 1  
  105  12:04  Siege Tank  
  105  12:06  Hellion  
  108  12:09  Armory  
  111  12:17  Factory  
  111  12:18  Missile Turret  
  111  12:24  Infernal Pre-Igniter  
  111  12:27  Factory Tech Lab  
  111  12:29  Viking  
  113  12:31  Marine  
  113  12:32  Marine  
  113  12:34  Marine  
  113  12:36  Marine, Siege Tank  
  120  12:42  Marine  
  120  12:43  Missile Turret  
  121  12:45  Terran Infantry Weapons Level 3, Hellion  
  121  12:49  Marine  
  121  12:51  Marine  
  125  12:52  Marine  
  125  12:54  Viking, SCV x3  
  125  12:55  SCV  
  125  12:56  Terran Vehicle And Ship Armor Level 1  
  132  12:59  Viking  
  132  13:00  Hellion  
  132  13:05  Refinery, Command Center  
  136  13:06  Thor, SCV  
  136  13:08  Widow Mine, SCV  
  136  13:11  Liberator  
  136  13:12  Planetary Fortress  
  146  13:13  Missile Turret  
  146  13:15  Missile Turret  
  146  13:17  SCV  
  146  13:18  Refinery  
  146  13:20  Missile Turret  
  146  13:22  Missile Turret  
  146  13:24  Medivac  
  146  13:25  Factory Tech Lab, Missile Turret  
  148  13:31  Supply Depot  
  151  13:36  Thor  
  157  13:42  Thor  
  157  13:44  Missile Turret  
  163  13:49  Siege Tank  
  166  13:58  Supply Depot  
  166  14:09  Missile Turret  
  166  14:10  Medivac  
  168  14:19  Terran Vehicle Weapons Level 2, Widow Mine  
  168  14:21  Hellion  
  172  14:25  Medivac  
  172  14:26  Hellion  
  172  14:27  Refinery, Command Center  
  172  14:30  Refinery  
  176  14:40  Medivac  
  176  14:43  Hellion  
  176  14:44  Planetary Fortress  
  180  14:47  Missile Turret  
  180  14:48  Hellion  
  180  14:49  Missile Turret  
  180  14:51  Siege Tank, Missile Turret  
  185  14:55  Liberator, Medivac  
  187  15:04  Thor  
  193  15:08  Liberator  
  193  15:10  Starport  
  178  15:18  Marine  
  178  15:19  Marine  
  178  15:20  Marine x3  
  177  15:24  Siege Tank  
  177  15:27  Hellion  
  144  15:36  Marine  
  144  15:37  Marine x2  
  141  15:46  Viking  
  141  15:47  Hellion  
  141  15:48  Hellion  
  141  15:49  Refinery  
  139  15:50  Refinery  
  139  15:52  Command Center  
  139  15:55  Viking  
  139  15:56  Hellion  
  143  16:08  Viking, Liberator, Siege Tank  
  148  16:16  Starport Tech Lab  
  148  16:22  Terran Vehicle And Ship Armor Level 2  
  151  16:34  Viking  
  151  16:35  Terran Vehicle Weapons Level 3  
  151  16:38  Viking, Planetary Fortress  
  151  16:39  Siege Tank  
  158  16:40  Siege Tank  
  158  16:41  Missile Turret  
  158  16:43  Missile Turret  
  158  16:45  Missile Turret  
  163  16:47  Hellion, Liberator  
  163  16:50  Liberator  
  163  16:51  Liberator  
  163  17:03  Marine x2  
  163  17:04  Marine  
  163  17:05  Marine  
  163  17:06  High Capacity Fuel Tanks  
  163  17:08  Hellion  
  178  17:11  Widow Mine  
  178  17:12  Refinery, Thor  
  186  17:16  Missile Turret, Planetary Fortress  
  186  17:18  Missile Turret  
  186  17:24  Missile Turret  
  186  17:29  Hellion  
  188  17:33  Liberator  
  188  17:34  Liberator  
  188  17:39  Widow Mine  
  190  17:47  Viking  
  190  17:51  Hellion  
  190  17:55  Siege Tank  
  190  17:57  Command Center  
  181  17:59  Marine x3  
  153  18:09  Siege Tank  
  153  18:11  Marine x2  
  153  18:12  Cyclone  
  146  18:16  Marine, Liberator  
  146  18:17  Viking, Marine x2  
  122  18:27  Hellion  
  122  18:33  Viking  
  122  18:34  Command Center  
  129  18:36  Hi-Sec Auto Tracking  
  131  18:41  Hellion  
  131  18:42  Building Armor  
  131  18:44  Thor  
  131  18:47  Viking, Factory  
  139  18:48  Siege Tank  
  142  19:00  Marine  
  142  19:01  Marine  
  142  19:02  Marine, Siege Tank  
  148  19:03  Viking  
  148  19:07  Marine  
  151  19:16  Viking, Liberator  
  153  19:17  Raven  
  153  19:21  Hellion  
  144  19:27  Thor  
  144  19:28  Planetary Fortress  
  144  19:29  Liberator  
  144  19:31  Hellion  
  147  19:33  Terran Infantry Armor Level 2  
  147  19:34  Cyclone  
  147  19:37  Terran Vehicle And Ship Armor Level 3  
  150  19:39  Missile Turret  
  150  19:42  Hellion  
  150  19:45  Missile Turret  
  152  19:52  Hellion  
  157  19:57  Marine  
  157  19:58  Marine  
  157  19:59  Liberator  
  159  20:00  Marine, Raven  
  159  20:01  Marine  
  159  20:02  Marine  
  159  20:03  Widow Mine  
  159  20:06  Thor  
  172  20:10  Hellion  
  172  20:12  Liberator  
  159  20:15  Marine  
  159  20:16  Marine  
  159  20:18  Marine  
  159  20:19  Marine  
  159  20:20  Marine  
  150  20:31  Siege Tank  
  150  20:32  Marine, Siege Tank  
  150  20:34  Marine  
  161  20:36  Marine  
  161  20:42  Liberator  
  162  20:43  Viking  
  162  20:49  Siege Tank, Hellion  
  169  20:56  Planetary Fortress  
  169  21:03  Siege Tank  
  169  21:04  Siege Tank  
  178  21:10  Widow Mine  
  180  21:12  Viking x2  
  180  21:13  Marauder  
  180  21:16  Marauder  
  188  21:21  Thor  
  194  21:27  Command Center  
  194  21:34  Marauder  
  194  21:35  Cyclone  
  199  21:45  Missile Turret  
  199  21:52  Terran Infantry Armor Level 3  
  199  22:05  Marine  
  199  22:06  SCV x3  
  199  22:07  Siege Tank x3, SCV  
  199  22:08  Viking  
  199  22:09  SCV, Raven  
  199  22:13  SCV  
  199  22:14  Viking, SCV  
  169  22:35  Marine, Liberator  
  169  22:36  Marine  
  152  22:37  Viking, Marine  
  152  22:39  Marine x2, Siege Tank x2  
  152  22:40  Siege Tank  
  152  22:41  Hellion  
  158  22:44  Viking  
  158  22:50  Liberator  
  148  22:53  Marine  
  148  22:55  Marine  
  148  22:57  Liberator  
  146  23:03  Hellion, SCV  
  146  23:04  SCV  
  134  23:11  Siege Tank x2  
  134  23:12  Siege Tank  
  145  23:16  SCV  
  145  23:17  Liberator  
  149  23:24  Hellion  
  150  23:28  SCV  
  150  23:33  Liberator  
  151  23:38  SCV  
  151  23:40  Liberator  
  154  23:43  Siege Tank  
  154  23:44  Hellion, Siege Tank  
  154  23:47  Hellion, SCV x2  
  154  23:48  SCV  
  167  23:58  Planetary Fortress  
  167  23:59  Marine x3  
  167  24:00  Marine x2, Liberator  
  146  24:05  Hellion, SCV  
  146  24:08  Hellion  
  114  24:11  SCV  
  114  24:12  SCV  
  114  24:13  Refinery  
  114  24:15  Refinery  
  114  24:16  Thor, Siege Tank, SCV  
  114  24:17  Marine x3  
  106  24:18  SCV  
  109  24:28  SCV x2  
  109  24:29  Siege Tank  
  105  24:37  SCV  
  105  24:38  SCV  
  105  24:40  SCV  
  105  24:41  SCV  
  105  24:43  SCV  
  105  24:44  SCV  
  107  24:47  SCV  
  107  24:48  Siege Tank  
  107  24:49  SCV  
  106  24:57  SCV  
  106  24:58  SCV x2  
  107  25:01  SCV  
  107  25:03  SCV  
  107  25:06  SCV  
  107  25:08  SCV  
  107  25:09  SCV  
  107  25:12  Marine, Command Center  
  107  25:13  SCV  
  108  25:15  SCV  
  108  25:16  SCV  
  108  25:19  SCV  
  109  25:21  SCV  
  109  25:26  Refinery  
  100  25:36  Marauder  
  100  25:39  Marauder  
  100  25:40  Marine  
  100  25:41  Marine, Command Center  
  92  25:57  Marauder, Marine  
  92  25:58  Marine, SCV  
  92  26:00  Marauder  
  76  26:04  Marine  
  76  26:08  SCV  
  76  26:10  SCV  
  67  26:12  SCV x2  
  67  26:13  SCV  
  67  26:15  Marine, SCV  
  67  26:18  Marine  
  65  26:19  Marine  
  65  26:20  SCV, Command Center  
  65  26:21  Marine  
  65  26:22  SCV  
  65  26:24  SCV  
  70  26:26  SCV  
  70  26:27  SCV x2  
  70  26:30  SCV  
  70  26:31  Marine  
  70  26:32  SCV  
  75  26:36  SCV  
  75  26:37  Marauder  
  75  26:39  SCV  
  77  26:40  SCV  
  77  26:41  SCV  
  77  26:42  SCV  
  77  26:44  SCV  
  77  26:45  SCV, Command Center  
  81  26:48  SCV  
  81  26:49  Marauder  
  83  27:01  SCV  
  83  27:02  SCV x2  
  83  27:04  SCV  
  83  27:05  SCV  
  83  27:06  SCV  
  83  27:07  SCV  
  88  27:09  Marine, Command Center  
  88  27:11  Marauder  
  88  27:13  SCV  
  88  27:14  Marine  
  93  27:15  SCV  
  93  27:16  SCV  
  93  27:17  SCV  
  93  27:19  SCV  
  93  27:20  Marine  
  93  27:21  Marine  
  99  27:27  Marauder  
  99  27:28  SCV  
  97  27:30  SCV  
  97  27:32  Marine x2  
  94  27:49  SCV  
  94  27:50  SCV  
  93  27:52  SCV, Command Center  
  93  27:55  SCV  
  93  27:57  SCV  
  93  27:58  SCV  
  65  28:14  Marine  
  65  28:17  Marine  
  65  28:19  Marine  
  64  28:20  Marine  
  62  28:33  Marauder  
  57  28:42  SCV  
  57  28:44  SCV  
  57  28:46  SCV  
  57  28:47  SCV  
  57  28:48  SCV  
  62  28:49  SCV  
  62  28:52  Marauder, Marine  
  62  28:54  SCV  
  66  28:56  SCV  
  66  28:57  Marauder, Marine x2  
  71  29:03  SCV  
  71  29:04  SCV  
  71  29:06  SCV  
  74  29:12  Marine, SCV  
  74  29:14  Marauder  
  78  29:21  SCV x2  
  80  29:24  SCV  
  80  29:26  Marauder, SCV x3  
  83  29:32  Marine  
  83  29:33  Marine  
  83  29:34  Marine, SCV  
  83  29:35  Marine  
  83  29:36  SCV  
  83  29:38  SCV  
  89  29:40  SCV  
  89  29:41  SCV x2  
  90  29:45  Siege Tank  
  90  29:46  SCV  
  90  29:47  Marine  
  90  29:48  SCV  
  90  29:50  Marine  
  90  29:51  SCV  
  90  29:52  Siege Tank x2, SCV  
  101  29:53  SCV  
  97  30:00  SCV  
  97  30:01  SCV  
  97  30:02  SCV  
  97  30:03  SCV  
  97  30:05  SCV x2  
  97  30:07  Marine  
  101  30:08  Marine x2  
  101  30:10  Marine  
  101  30:11  Marine  
  101  30:12  SCV  
  106  30:14  SCV  
  106  30:15  SCV  
  106  30:16  SCV  
  106  30:17  Liberator, SCV  
  106  30:18  Liberator, SCV  
  106  30:21  Liberator  
  111  30:24  Marine, Siege Tank, SCV  
  111  30:26  Marine x2, SCV  
  111  30:27  Siege Tank  
  111  30:28  Siege Tank  
  124  30:43  Marauder  
  124  30:48  Marauder, Marine x2  
  124  30:49  Marine  
  107  30:56  Siege Tank  
  100  30:58  SCV x2  
  100  30:59  Siege Tank  
  100  31:00  Siege Tank, Liberator  
  100  31:01  Liberator  
  106  31:04  Marauder  
  106  31:06  Marine x2  
  106  31:07  Marine  
  106  31:10  Marauder  
  114  31:21  Medivac  
  114  31:24  Marine x2  
  114  31:25  Marauder, Marine  
  116  31:28  Siege Tank  
  116  31:31  Marine, Siege Tank  
  116  31:32  Siege Tank  
  119  31:33  Liberator  
  119  31:35  SCV  
  111  31:42  Marine  
  111  31:44  Marine  
  111  31:45  Marine  
  106  31:47  Marauder, SCV  
  106  31:48  Marine  
  106  31:51  SCV  
  101  31:57  SCV  
  101  31:58  SCV  
  101  31:59  Marine  
  101  32:00  Viking, Siege Tank  
  101  32:01  Viking  
  110  32:02  Marine  
  110  32:03  Marine, Siege Tank  
  110  32:06  Marine  
  110  32:08  Marauder  
  93  32:16  SCV  
  93  32:19  SCV x2  
  86  32:23  Marine, Siege Tank, SCV x2  
  86  32:25  Marauder, Marine  
  86  32:26  Marine  
  86  32:28  SCV  
  82  32:30  Marauder  
  82  32:31  SCV x2  
  82  32:35  SCV  
  85  32:38  SCV  
  85  32:40  Marine, SCV  
  85  32:43  Marine, Hellion  
  85  32:44  Marine  
  90  32:45  Hellion x2  
  90  32:46  Marauder  
  90  32:50  Marine  
  92  32:56  Hellion  
  82  32:58  Marine  
  82  33:01  Marine x2  
  82  33:04  Siege Tank  
  78  33:08  Marine  
  77  33:15  Marine  
  77  33:16  Marine  
  77  33:18  Hellion  
  77  33:19  Marine  
  72  33:20  Hellion  
  72  33:23  Marine  
  72  33:25  Hellion  
  72  33:26  Marine  
  71  33:33  Marine  
  64  33:34  Marine  
  64  33:36  Hellion  
  64  33:37  Marine  
  64  33:40  Marine  
  67  33:43  Siege Tank  
  67  33:44  Marine  
  71  33:51  Marine  
  71  33:52  Marine  
  69  33:58  Marine  
  69  34:00  Marine  
  69  34:02  Marine  
  62  34:05  Hellion  
  62  34:08  Marine  
  59  34:10  Marine  
  59  34:16  Marine, Hellion  
  56  34:27  Hellion  
  53  34:37  Marine x2  
  53  34:38  Marine  
  48  34:40  Marine  
  48  34:41  Marine  
  30  35:02  Marine x3  
  30  35:03  Marine  
  30  35:06  Refinery  
  25  35:19  Marine  
  21  35:37  Marine  
  13  36:15  SCV  
  10  36:27  SCV  
Tags
 
Composition
Bio TankBio Tank
League
Gold
Matchup
TvT
Race
Terran
Add a new tag
Caveats
  • Supply blocks, unpowered buildings, or Contaminate may cause inaccurate times.
  • Supply counts are checked every 10 seconds.